 Dungeon Crawl Stone Soup version 0.31.0-12-g77e489cdc1 (webtiles) character file.

Game seed: 13689209034018563532

25239 spaghetti the Severer (level 13, -24/120 HPs)
             Began as a Naga Chaos Knight on Mar 5, 2024.
             Was a Plaything of Xom.
             Killed from afar by a lindwurm (shapeshifter) (42 damage)
             ... with a blast of flame
             ... on level 15 of the Dungeon.
             The game lasted 00:23:04 (12496 turns).

spaghetti the Severer (Naga Chaos Knight)          Turns: 12496, Time: 00:23:05

Health: -24/120    AC: 17    Str: 21    XL:     13   Next: 18%
Magic:  4/4        EV:  2    Int: 19    God:    Xom [......]
Gold:   368        SH:  5    Dex: 21    Spells: 7/12 levels left

rFire   x . .        b - +9 war axe of the Enchanted Forest {spect, rF- Int+3 Stlth+}
rCold   . . .        (no shield)
rNeg    . . .        i - +0 plate armour
rPois   +            (no helmet)
rElec   .            h - +1 cloak
rCorr   .            d - +0 pair of gloves
SInv    +            f - +0 barding of the Hidden Vale {Will+ Regen+ MP-9 Str+5}
Will    ++...        u - amulet of reflection
Stlth   ++           g - +6 ring of dexterity
HPRegen 1.20/turn    p - +6 ring of intelligence
MPRegen 0.09/turn

%: reflection
@: very slow
A: AC +4, large, see invisible, deformed body, poison resistance, slowness 2,
spit poison 1, naga tail 2, stinger 2, dopey 1, wild magic 1, MP-powered wands
a: Spit Poison, Renounce Religion


You were on level 15 of the Dungeon.
You worshipped Xom.
You were a very special plaything of Xom.
You visited 1 branch of the dungeon, and saw 13 of its levels.

You collected 829 gold pieces.
You spent 461 gold pieces at shops.

Inventory:

Hand Weapons
 a - a +8 orcbow of flaming
 b - the +9 war axe of the Enchanted Forest (weapon) {spect, rF- Int+3 Stlth+}
   (You found it on level 7 of the Dungeon)

   Int+3:     It affects your intelligence (+3).
   rF-:       It makes you vulnerable to fire.
   Stlth+:    It makes you more stealthy.
Missiles
 t - 10 boomerangs
 x - 5 curare-tipped darts
 D - 2 javelins
Armour
 d - a +0 pair of gloves (worn)
 f - the +0 barding of the Hidden Vale (worn) {Will+ Regen+ MP-9 Str+5}
   (You acquired it on level 9 of the Dungeon)

   Str+5:     It affects your strength (+5).
   Will+:     It increases your willpower.
   MP-9:      It affects your magic capacity (-9).
   Regen+:    It increases your rate of health regeneration.
 h - a +1 cloak (worn)
 i - a +0 plate armour (worn)
Jewellery
 g - a +6 ring of dexterity (left hand)
 n - a ring of fire
 p - a +6 ring of intelligence (right hand)
 u - an amulet of reflection (around neck)
 C - a ring of protection from cold
Wands
 c - a wand of charming (7)
 e - a wand of flame (61)
 o - a wand of polymorph (10)
 y - a wand of acid (18)
Scrolls
 k - a scroll of fog
 l - a scroll of amnesia
 m - 3 scrolls of immolation
 q - a scroll of vulnerability
 s - 2 scrolls of teleportation
 w - 4 scrolls of poison
Potions
 j - a potion of enlightenment
 v - 2 potions of curing
 z - a potion of attraction
 A - 2 potions of haste
 B - 2 potions of ambrosia
 E - a potion of brilliance


   Skills:
 + Level 8.8 Fighting
 - Level 6.8 Short Blades
 - Level 15.8(16.0) Axes
 - Level 3.0(10.7) Polearms
 - Level 1.5 Armour
 - Level 0.7 Dodging
 - Level 10.5 Stealth
 + Level 8.1 Evocations


You had 7 spell levels left.
You knew the following spells:

 Your Spells              Type           Power      Damage    Failure   Level
a - Blink                 Tloc           0%         N/A       100%        2
b - Call Imp              Summ           0%         N/A       100%        2
c - Magic Dart            Conj           0%         1d3       100%        1

Your spell library contained the following spells:

 Spells                   Type           Power      Damage    Failure   Level
 Necrotise                Necr           0%         1d4       100%        1
 Lesser Beckoning         Tloc           0%         N/A       100%        2
 Momentum Strike          Conj/Tloc      0%         3d8       100%        2
 Scorch                   Fire           0%         2d5       100%        2
 Vampiric Draining        Necr           0%         2d6       100%        3
 Flame Wave               Conj/Fire      0%         2d4       100%        4
 Leda's Liquefaction      Alch/Erth      0%         N/A       100%        4
 Martyr's Knell           Necr/Summ      0%         N/A       100%        4
 Curse of Agony           Necr           0%         N/A       100%        5
 Lee's Rapid Deconstruct  Erth           0%         3d4*      100%        5
 Bombard                  Conj/Erth      0%         9d1       100%        6
 Summon Cactus Giant      Summ           0%         N/A       100%        6


Dungeon Overview and Level Annotations

Branches:
Dungeon (15/15)            Temple (0/1) D:4            Lair (0/5) D:11
    Orc (0/2) D:11
 Vaults: D:13-14     Depths: D:15

Altars:
Ashenzari
Cheibriados
Dithmenos
Kikubaaqudgha
Okawaru
Qazlal
Uskayaw
Vehumet
Wu Jian

Shops:
D:4 =   D:7 [   D:8 *   D:9 (

Annotations:
D:7 3 runed translucent doors, Gadfly's ghost, novice GrFi
D:12 Frances
D:15 1 exclusion


Innate Abilities, Weirdness & Mutations

Your serpentine skin is tough. (AC +4)
You have supernaturally acute eyesight. (SInv)
Armour fits poorly on your strangely shaped body.
Your system is resistant to poisons. (rPois)
You cover ground very slowly.
You can spit poison.
You can use your snake-like lower body to constrict enemies.
Your tail ends in a sharp venomous barb.
You are dopey. (Int -2)
Your spells are a little harder to cast, but a little more powerful.
You expend magic power (3 MP) to strengthen your wands.


Message History

The meliai blinks! x2; The meliai zaps a wand.
Your mind is blasted!
* * * LOW HITPOINT WARNING * * *
Xom thinks this is hilarious!
The meliai hits you but does no damage.
The meliai stings you but does no damage.
The meliai hits you with a +0 hand axe!
* * * LOW HITPOINT WARNING * * *
The meliai stings you but does no damage.
You barely miss the meliai. Your grab misses the meliai.
Your +9 war axe of the Enchanted Forest {spect, rF- Int+3 Stlth+} hits the meliai!
You hear Xom's avuncular chuckle.
The meliai changes into a shapeshifter!
The shapeshifter changes into a lindwurm!
The meliai hits you with a +0 hand axe.
* * * LOW HITPOINT WARNING * * *
The meliai misses your +9 war axe of the Enchanted Forest {spect, rF- Int+3 Stlth+}.
The meliai stings you but does no damage.
The meliai hits you but does no damage.
The meliai hits your +9 war axe of the Enchanted Forest {spect, rF- Int+3 Stlth+} with a +0 hand axe.
Your spectral weapon shares its damage with you!
* * * LOW HITPOINT WARNING * * *
The meliai stings you but does no damage.
Unknown command.
Unknown command.
You hit the meliai. Your grab misses the meliai.
The meliai is heavily wounded.
Your +9 war axe of the Enchanted Forest {spect, rF- Int+3 Stlth+} hits the meliai!
The meliai completely misses your +9 war axe of the Enchanted Forest {spect, rF- Int+3 Stlth+}.
The meliai hits you but does no damage.
The meliai closely misses your +9 war axe of the Enchanted Forest {spect, rF- Int+3 Stlth+}.
Unknown command.
Unknown command.
You slash the meliai!
You kill the meliai!
Your +9 war axe of the Enchanted Forest {spect, rF- Int+3 Stlth+} disappears.
The lindwurm breathes flames at you. The blast of flame hits you!!!
The fire burns you terribly!
Xom thinks this is hilarious!
You die...
Xom howls with laughter!

..# ##.#.
... .....
..##.#..<
#..k.....
##........
......#..
#).......
#@..§.#
#.†...#
#######
.#.


You could see a lindwurm shaped shifter (catching breath).

Vanquished Creatures
  Snorg (D:10)
  An ogre mage (D:15)
  A centaur warrior (D:15)
  3 boulder beetles
  5 two-headed ogres
  5 death yaks (D:11)
  Sonja (D:10)
  A skeletal warrior (D:6)
  A deep elf pyromancer (D:12)
  An orc knight (D:15)
  5 ugly things
  2 cyclopes
  2 manticores
  2 meliai (D:15)
  Joseph (D:8)
  A gargoyle (D:10)
  A komodo dragon (D:11)
  A kobold demonologist (D:9)
  3 unseen horrors
  2 tengu conjurers (D:15)
  5 trolls
  Psyche (D:8)
  3 slime creatures
  A wraith (D:11)
  2 wyverns (D:10)
  A yak (D:11)
  A shadow (D:12)
  A basilisk (D:15)
  A steam dragon (D:10)
  An acid dragon (D:12)
  Duvessa (D:5)
  A water moccasin (D:9)
  2 sky beasts (D:7)
  An ice beast (D:6)
  7 orc warriors
  4 ogres
  A black bear (D:4)
  A tengu (D:7)
  3 centaurs
  A kobold brigand (D:8)
  2 bullfrogs
  3 scorpions (D:5)
  10 wights
  Dowan (D:5)
  4 killer bees (D:10)
  3 howler monkeys
  A hound (D:4)
  3 jellies
  3 bombardier beetles
  8 orc priests
  A gnoll bouda (D:7)
  A sleepcap (D:6)
  Ijyb (D:5)
  2 iguanas
  10 orc wizards
  3 gnolls
  7 adders
  A shadow imp (D:5)
  A white imp (D:6)
  An ufetubus (D:5)
  A dart slug (D:5)
  A ribbon worm (D:2)
  49 orcs
  A ball python (D:4)
  9 endoplasms
  2 giant cockroaches
  7 goblins
  6 hobgoblins
  3 jackals (D:2)
  A quokka (D:5)
  8 frilled lizards
  15 kobolds
  4 rats
252 creatures vanquished.

Vanquished Creatures (collateral kills)
  Edmund (D:5)
  A black bear (D:6)
  A scorpion (D:6)
  3 gnolls (D:6)
  An ufetubus (D:5)
7 creatures vanquished.

Vanquished Creatures (others)
  A slime creature (D:15)
  2 orc warriors
  A human (D:8)
  A bullfrog (D:7)
  A wight (D:7)
  An orc priest (D:11)
  2 orcs
  4 spectral weapons
13 creatures vanquished.

Grand Total: 272 creatures vanquished

Notes
Turn   | Place    | Note
-------+----------+-------------------------------------------
     0 | D:1      | spaghetti the Naga Chaos Knight began the quest for the
                  | Orb.
     0 | D:1      | Reached XP level 1. HP: 21/21 MP: 1/1
    65 | D:1      | Reached XP level 2. HP: 6/28 MP: 2/2
   142 | D:1      | XOM: silly message
   158 | D:1      | XOM: silly message
   307 | D:1      | XOM: potion effect (haste)
   316 | D:1      | XOM: silly message
   436 | D:1      | Reached XP level 3. HP: 36/36 MP: 3/3
   560 | D:2      | Reached skill level 1 in Short Blades
   645 | D:2      | Reached skill level 1 in Stealth
   860 | D:2      | Reached XP level 4. HP: 41/44 MP: 4/4
   926 | D:2      | XOM is BORED!
  1384 | D:2      | XOM: silly message
  1817 | D:3      | XOM: noise
  1872 | D:3      | XOM: silly message
  2227 | D:4      | XOM: divination: detect creatures
  2251 | D:4      | Noticed a black bear
  2264 | D:4      | Killed a black bear
  2265 | D:4      | Reached XP level 5. HP: 50/51 MP: 5/5
  2527 | D:4      | Reached XP level 6. HP: 60/60 MP: 6/6
  2617 | D:4      | Found Udolona's Jewellery Shop.
  2676 | D:4      | Learned a level 2 spell: Blink
  2686 | D:4      | Reached skill level 5 in Fighting
  2725 | D:4      | XOM: noise
  2869 | D:4      | Found a staircase to the Ecumenical Temple.
  3129 | D:4      | XOM: confuse monster(s)
  3133 | D:4      | Reached skill level 5 in Stealth
  3305 | D:5      | Entered Level 5 of the Dungeon
  3451 | D:5      | Reached XP level 7. HP: 65/67 MP: 7/7
  3821 | D:5      | Noticed Ijyb
  3834 | D:5      | XOM: confusion (+ monsters)
  3835 | D:5      | XOM: cast spell 'Iskenderun's Battlesphere'
  3838 | D:5      | Killed Ijyb
  4052 | D:5      | Noticed Dowan
  4052 | D:5      | XOM: confuse monster(s)
  4052 | D:5      | Noticed Duvessa
  4060 | D:5      | XOM: cast spell 'Summon Small Mammal'
  4071 | D:5      | Killed Dowan
  4081 | D:5      | Killed Duvessa
  4082 | D:5      | Reached XP level 8. HP: 18/76 MP: 3/8
  4086 | D:5      | Learned a level 2 spell: Call Imp
  4624 | D:6      | Noticed Edmund
  4633 | D:6      | XOM: fog
  4651 | D:5      | Killed Edmund
  4652 | D:5      | Reached skill level 5 in Short Blades
  4970 | D:6      | XOM: confusion (+ monsters)
  5095 | D:6      | Identified the +2 robe "Erhutzid" {+Blink rF- Str+4 Int+3}
  5120 | D:6      | Learned a level 1 spell: Magic Dart
  5235 | D:6      | XOM: god gift: long sword {god gift}
  5286 | D:6      | Noticed a skeletal warrior
  5303 | D:6      | XOM: divination: magic mapping
  5308 | D:6      | XOM: chaos cloud
  5328 | D:6      | Killed a skeletal warrior
  5329 | D:6      | Reached XP level 9. HP: 60/86 MP: 9/9
  5453 | D:6      | XOM: stat loss: -1 Dex (20/21)
  5519 | D:6      | XOM: chaos upgrade
  5547 | D:6      | Reached skill level 10 in Stealth
  5549 | D:6      | XOM: draining
  5779 | D:6      | XOM: noise
  5788 | D:6      | XOM: repel stairs
  5978 | D:7      | XOM: chaos upgrade
  5979 | D:7      | XOM: confusion
  5980 | D:7      | XOM: draining
  5986 | D:7      | XOM: divine lightning
  6099 | D:7      | Identified the +9 war axe of the Enchanted Forest {spect,
                  | rF- Int+3 Stlth+}
  6139 | D:7      | Reached skill level 1 in Axes
  6273 | D:7      | Found a hide-covered altar of Uskayaw.
  6277 | D:7      | Found a snail-covered altar of Cheibriados.
  6282 | D:7      | Found an ornate altar of the Wu Jian Council.
  6311 | D:7      | Reached skill level 2 in Axes
  6333 | D:7      | XOM: torment (41/80 hp)
  6337 | D:7      | XOM: polymorph gnoll -> tengu
  6339 | D:7      | XOM: chaos upgrade
  6342 | D:7      | Reached skill level 3 in Axes
  6559 | D:7      | Found a runed translucent gate.
  6559 | D:7      | Found a runed translucent gate.
  6559 | D:7      | Found a runed translucent gate.
  6559 | D:7      | XOM: 4-stop teleportation journey
  6565 | D:7      | Reached skill level 4 in Axes
  6680 | D:7      | Noticed Gadfly's ghost (novice GrFi)
  6760 | D:7      | Found Kumiru's Armour Shop.
  7227 | D:7      | XOM: summons 5 hostile demons
  7228 | D:7      | Noticed an orange demon
  7422 | D:8      | XOM: give mutations
  7422 | D:8      | Gained mutation: You are dopey. (Int -2) [Xom's mischief]
  7422 | D:8      | Gained mutation: Your tail ends in a venomous barb. [Xom's
                  | mischief]
  7432 | D:8      | Reached skill level 5 in Axes
  7683 | D:8      | Found a radiant altar of Vehumet.
  7691 | D:8      | XOM: polymorph hobgoblin -> endoplasm
  7706 | D:8      | Reached skill level 6 in Axes
  7708 | D:8      | Reached XP level 10. HP: 94/96 MP: 0/10
  7730 | D:8      | Noticed Joseph
  7730 | D:8      | XOM: 6-stop teleportation journey
  7739 | D:8      | Killed Joseph
  7886 | D:8      | Noticed a cyclops
  7897 | D:8      | Found an ancient bone altar of Kikubaaqudgha.
  7901 | D:8      | XOM: summons 4 hostile demons
  7904 | D:8      | Killed a cyclops
  7905 | D:8      | Reached skill level 7 in Axes
  7967 | D:8      | XOM: summons 4 hostile shadow creatures
  8019 | D:8      | XOM: 5-stop teleportation journey
  8123 | D:8      | Noticed Psyche
  8132 | D:8      | Killed Psyche
  8156 | D:8      | XOM: 1-stop teleportation journey
  8247 | D:8      | Reached skill level 8 in Axes
  8342 | D:8      | Found Paunek's General Store.
  8346 | D:8      | Bought a +6 orcbow for 461 gold pieces
  8565 | D:9      | Found an iron altar of Okawaru.
  8565 | D:9      | Found a broken altar of Ashenzari.
  8690 | D:9      | Reached skill level 9 in Axes
  8692 | D:9      | Identified a scroll of acquirement
  8696 | D:9      | Acquired the +0 barding of the Hidden Vale {Will+ Regen+
                  | MP-9 Str+5}
  9037 | D:4      | XOM: summons 1 hostile demon
  9297 | D:9      | Found Dojec's Weapon Shoppe.
  9334 | D:9      | Noticed a manticore
  9334 | D:9      | XOM: enchant monster (good)
  9351 | D:9      | Killed a manticore
  9365 | D:9      | Noticed a kobold demonologist
  9371 | D:9      | Killed a kobold demonologist
  9372 | D:9      | Reached skill level 10 in Axes
  9551 | D:9      | Found a stormy altar of Qazlal.
  9593 | D:10     | Entered Level 10 of the Dungeon
  9593 | D:10     | XOM: scenery: summon butterflies
  9597 | D:10     | Noticed Snorg
  9605 | D:10     | Killed Snorg
  9606 | D:10     | Reached skill level 11 in Axes
  9606 | D:10     | Reached XP level 11. HP: 44/103 MP: 2/11
  9666 | D:10     | Noticed Sonja
  9675 | D:10     | Killed Sonja
  9771 | D:10     | XOM: draining
 10090 | D:10     | Noticed a two-headed ogre
 10093 | D:10     | XOM: summons friendly ufetubus
 10098 | D:10     | Killed a two-headed ogre
 10099 | D:10     | Reached skill level 12 in Axes
 10242 | D:11     | Noticed a brown ugly thing
 10253 | D:11     | Killed a brown ugly thing
 10480 | D:11     | Found a staircase to the Lair.
 10480 | D:11     | Noticed a death yak
 10481 | D:11     | Noticed a death yak
 10481 | D:11     | Noticed a death yak
 10481 | D:11     | Noticed a death yak
 10482 | D:11     | Noticed a death yak
 10491 | D:11     | XOM: confuse monster(s)
 10498 | D:11     | Killed a death yak
 10500 | D:11     | Killed a death yak
 10501 | D:11     | Reached skill level 13 in Axes
 10504 | D:11     | Killed a death yak
 10536 | D:11     | Noticed a boulder beetle
 10617 | D:11     | Killed a boulder beetle
 10645 | D:11     | Found an ornate altar of the Wu Jian Council.
 10683 | D:11     | Noticed a boulder beetle
 10694 | D:11     | Killed a boulder beetle
 10695 | D:11     | Reached skill level 14 in Axes
 10751 | D:11     | XOM: god gift: book of the Earth
 10795 | D:11     | XOM: give mutations
 10795 | D:11     | Gained mutation: Your spells are a little harder to cast,
                  | but a little more powerful. [Xom's grace]
 10795 | D:11     | Gained mutation: Your tail ends in a sharp venomous barb.
                  | [Xom's grace]
 10795 | D:11     | Gained mutation: You expend magic power (3 MP) to
                  | strengthen your wands. [Xom's grace]
 10805 | D:11     | XOM: cast spell 'Summon Horrible Things'
 10809 | D:11     | Reached XP level 12. HP: 110/110 MP: 0/12
 10870 | D:11     | XOM: potion effect (attraction)
 10879 | D:11     | Killed a death yak
 10882 | D:11     | Killed a death yak
 11203 | D:11     | Found a staircase to the Orcish Mines.
 11206 | D:11     | XOM: divine lightning
 11298 | D:11     | Noticed a two-headed ogre
 11304 | D:11     | Killed a two-headed ogre
 11408 | D:12     | XOM: stealth player
 11473 | D:12     | XOM: cast spell 'Summon Small Mammal'
 11482 | D:12     | XOM: summons friendly shadow imp
 11690 | D:12     | XOM: silly message
 11751 | D:12     | Reached skill level 15 in Axes
 11804 | D:12     | Noticed a two-headed ogre
 11808 | D:12     | Killed a two-headed ogre
 11809 | D:12     | Reached skill level 5 in Evocations
 11853 | D:12     | XOM: 1-stop teleportation journey
 11862 | D:12     | Found a shadowy altar of Dithmenos.
 11863 | D:12     | Noticed Frances
 11865 | D:12     | You fall into a shaft and drop 3 floors!
 11865 | D:15     | Entered Level 15 of the Dungeon
 11894 | D:15     | Noticed a two-headed ogre
 11906 | D:15     | XOM: confuse monster(s)
 11916 | D:15     | Killed a two-headed ogre
 12338 | D:15     | Noticed an ogre mage
 12343 | D:15     | XOM: enchant monster (bad)
 12345 | D:15     | Killed an ogre mage
 12346 | D:15     | Noticed a centaur warrior
 12346 | D:15     | Noticed a two-headed ogre
 12346 | D:15     | XOM: butterfly on damage
 12347 | D:15     | XOM: enchant monster (bad)
 12350 | D:15     | Killed a centaur warrior
 12351 | D:15     | XOM: summons 2 friendly demons
 12353 | D:15     | Killed a two-headed ogre
 12419 | D:15     | Gained mutation: You can use your snake-like lower body to
                  | constrict enemies. [Naga growth]
 12419 | D:15     | Reached XP level 13. HP: 96/117 MP: 4/13
 12468 | D:15     | Noticed a fire dragon
 12470 | D:15     | XOM: 1-stop teleportation journey
 12488 | D:15     | XOM: enchant monster (bad)
 12492 | D:15     | XOM: divine lightning
 12493 | D:15     | XOM: blink monster(s)
 12494 | D:15     | XOM: polymorph meliai -> shapeshifter
 12496 | D:15     | Killed from afar by a lindwurm (shapeshifter)

Illustrated notes

Levels and vault maps discovered:
D:1:      psy_arrival_basics, layout_rooms
D:2:      layout_basic, minmay_misc_feat_chi
D:3:      layout_basic
D:4:      layout_loops_corners, lemuel_temple_firewalk_b, serial_shops, shop
D:5:      layout_loops_corners, uniq_ijyb, uniq_duvessa
D:6:      minmay_cornered_nines, layout_rooms, uniq_edmund
D:7:      layout_basic, grunt_temple_overflow_diamond,
          ebering_ghost_rock_garden, serial_shops, shop
D:8:      hellmonk_destroyed_diamonds, layout_loops_cross, tgw_kikubaaqudgha,
          vehumet_altar_wand_db, serial_shops, shop, uniq_psyche, uniq_joseph
D:9:      layout_cave_pools, mainiacjoe_overflow_brackets,
          grunt_temple_overflow_open, serial_shops,
          nicolae_shop_bloodbath_and_beyond
D:10:     layout_cave_pools, uniq_snorg, uniq_sonja
D:11:     layout_irregular_city, dpeg_lair_monsters, david_orc_5,
          nzn_wu_jian_contemplation
D:12:     layout_loops_ring, nicolae_dithmenos_through_a_glass_darkly,
          uniq_frances
D:15:     hangedman_depths_entry_try_elsewhere_first, layout_basic,
          serial_bayou_shore_a

Skill      XL: |  1  2  3  4  5  6  7  8  9 10 11 12 13 |
---------------+----------------------------------------+-----
Short Blades   | 1 2 3 4 6 |  6.8
Fighting       | 4 5 6 7 8 |  8.8
Stealth        | 2 3 4 5 7 9 10 | 10.5
Axes           | 6 11 14 15 | 15.8
Evocations     | 7 8 |  8.1
Polearms       | |  3.0
Armour         | |  1.5
Dodging        | |  0.7

Action                     |  1- 3 |  4- 6 |  7- 9 | 10-12 | 13-15 || total
---------------------------+-------+-------+-------+-------+-------++-------
  Melee: Spear             |    32 |       |       |       |       ||    32
         Short sword       |    46 |   109 |   256 |       |       ||   411
         Punch             |     1 |     1 |     4 |     3 |       ||     9
         War axe           |       |       |    58 |   206 |    25 ||   289
         Constrict         |       |       |       |       |     5 ||     5
   Fire: Orcbow            |       |       |       |   106 |     3 ||   109
   Cast: Magic Dart        |       |       |    45 |    14 |       ||    59
         Call Imp          |       |       |       |     1 |       ||     1
Ability: Spit Poison       |    17 |    27 |    27 |       |     2 ||    73
  Evoke: Wand              |       |       |     2 |     8 |       ||    10
    Use: Scroll            |     2 |     4 |     6 |     9 |       ||    21
         Potion            |       |     8 |     9 |     3 |     1 ||    21
   Stab: Confused          |       |     1 |     4 |     3 |       ||     8
         Distracted        |       |       |     1 |     7 |     3 ||    11
 Armour: Leather armour    |    48 |    28 |    99 |       |       ||   175
         Skin              |       |       |    41 |       |       ||    41
         Robe              |       |       |    89 |    59 |       ||   148
         Plate armour      |       |       |       |   204 |    28 ||   232
  Dodge: Dodged            |    20 |    37 |   105 |    39 |     2 ||   203
  Block: Other             |       |       |       |    24 |       ||    24
         Reflection        |       |       |       |     1 |       ||     1
